 Dungeon Crawl Stone Soup version 0.24.0-123-gd5b16e6ec5 (webtiles) character file.

Game seed: 14325214617649284914, levelgen mode: deterministic

102 Grant the Poker (level 4, 0/34 HPs)
             Began as a Merfolk Gladiator on Jan 19, 2020.
             Was an Initiate of Yredelemnul.
             Slain by Grinder (5 damage)
             ... on level 3 of the Dungeon on Jan 20, 2020.
             The game lasted 00:05:30 (1869 turns).

Grant the Poker (Merfolk Gladiator)                 Turns: 1869, Time: 00:05:31

Health: 0/34       AC:  4    Str: 15    XL:     4   Next: 78%
Magic:  4/4        EV: 13    Int:  7    God:    Yredelemnul [......]
Gold:   137        SH:  3    Dex: 15    Spells: 3/3 levels left

rFire    . . .     SeeInvis .   a - +0 trident
rCold    . . .     Gourm    .   p - +0 buckler
rNeg     . . .     Faith    .   b - +0 leather armour
rPois    .         Spirit   .   o - +0 helmet (curse)
rElec    .         Reflect  .   (no cloak)
rCorr    .         Harm     .   (no gloves)
MR       .....                  (no boots)
Stlth    +.........             (no amulet)
HPRegen  0.11/turn              (no ring)
MPRegen  0.09/turn              (no ring)

@: no status effects
A: change form in water, swift swim, stealthy swim
a: Renounce Religion


You were on level 3 of the Dungeon.
You worshipped Yredelemnul.
Yredelemnul was noncommittal.
You were not hungry.

You visited 1 branch of the dungeon, and saw 3 of its levels.

You collected 137 gold pieces.

Inventory:

Hand Weapons
 a - a +0 trident (weapon)
 n - a +1 hand axe of chopping
Missiles
 d - a throwing net (quivered)
Armour
 b - a +0 leather armour (worn)
 c - a +0 helmet
 o - a cursed +0 helmet (worn)
 p - a +0 buckler (worn)
Scrolls
 e - 4 scrolls of fog {unknown}
 g - a scroll of immolation {unknown}
 h - a scroll of blinking {unknown}
 i - 2 scrolls of remove curse {unknown}
 k - a scroll of teleportation {unknown}
 l - a scroll of identify {unknown}
Potions
 j - a potion of might {unknown}
 m - 2 potions of haste {unknown}
Comestibles
 f - 3 rations
 q - 5 chunks of flesh


   Skills:
 + Level 2.9 Fighting
 + Level 6.0 Polearms
 + Level 2.2 Throwing
 + Level 0.9 Armour
 + Level 4.7 Dodging


You had 3 spell levels left.
You didn't know any spells.
Your spell library was empty.

Dungeon Overview and Level Annotations

Branches:
Dungeon (3/15)

Altars:
Ashenzari
Dithmenos
Hepliaklqana
Yredelemnul
The Shining One

Annotations:
D:3 Grinder


Message History

You barely miss Grinder.
Grinder is heavily wounded.
Grinder hits you!
* * * LOW HITPOINT WARNING * * *
You writhe in agony.
* * * LOW HITPOINT WARNING * * *
Throwing (i - inventory)
d - 3 throwing nets (quivered)
Press: ? - help, Shift-Dir - straight line, f - Grinder
Aim: Grinder (heavily wounded)
You throw a throwing net. The throwing net barely misses Grinder.
Grinder gestures at you. You resist with significant effort.
Throwing (i - inventory)
d - 2 throwing nets (quivered)
Press: ? - help, Shift-Dir - straight line, f/p - Grinder
Aim: Grinder (heavily wounded)
You throw a throwing net.
The throwing net closely misses Grinder.
Grinder hits you.
You die...
Your body rises from the dead as a mindless zombie.

#.# #)# ##.
#.# #.# ...
#.# #.#####.#
#.# #......#
#.# #.....## #
###.# ####.##
.###.# ....#
#.## #(...
##### ##.##
##5.#
##.###@..#
##.#.#.$#
##.##..# #####
..# #.. ..#
#.# (## #.# .#
##.## ..
###...######.#


You could see Grinder.

Vanquished Creatures
  A hound (D:3)
  An adder (D:2)
  A worm (D:2)
  A dart slug (D:1)
  A leopard gecko (D:2)
  2 orcs (D:3)
  A ball python (D:1)
  4 bats
  5 goblins (D:1)
  9 hobgoblins
  5 jackals
  4 frilled lizards
  9 kobolds
  7 rats
51 creatures vanquished.

Notes
Turn   | Place    | Note
-------+----------+-------------------------------------------
     0 | D:1      | Grant the Merfolk Gladiator began the quest for the Orb.
     0 | D:1      | Reached XP level 1. HP: 16/16 MP: 1/1
    72 | D:1      | Reached XP level 2. HP: 19/23 MP: 2/2
   332 | D:1      | Reached XP level 3. HP: 28/28 MP: 3/3
   532 | D:1      | Found a shattered altar of Ashenzari.
   576 | D:1      | Reached skill level 5 in Polearms
  1187 | D:2      | Found a glowing golden altar of the Shining One.
  1189 | D:2      | Noticed an angel
  1203 | D:2      | Found a basalt altar of Yredelemnul.
  1253 | D:2      | Found a shattered altar of Ashenzari.
  1253 | D:2      | Found a hazy altar of Hepliaklqana.
  1253 | D:2      | Found a shadowy altar of Dithmenos.
  1342 | D:2      | Reached XP level 4. HP: 33/34 MP: 4/4
  1559 | D:2      | Noticed a profane servitor
  1564 | D:2      | Became a worshipper of Yredelemnul the Dark
  1840 | D:3      | Reached skill level 6 in Polearms
  1858 | D:3      | Noticed Grinder
  1869 | D:3      | Slain by Grinder

Levels and vault maps discovered:
D:1:      matt_arrival_los_fun, layout_rooms, serial_bayou_pond_e,
          minmay_stone_trees_medium, evilmike_ruin_ashenzari
D:2:      layout_rooms, gammafunk_temple_overflow_forgotten,
          grunt_temple_overflow_holy_war
D:3:      layout_loops_ring, uniq_ijyb, uniq_grinder

Skill      XL: |  1  2  3  4 |
---------------+-------------+-----
Polearms       | 5 6 |  6.0
Fighting       | |  2.9
Throwing       | |  2.2
Armour         | |  0.9
Dodging        | |  4.7

Action                   |  1- 3 |  4- 6 || total
-------------------------+-------+-------++-------
Melee: Trident           |   133 |    30 ||   163
Throw: Throwing net      |       |     2 ||     2
 Stab: Sleeping          |     1 |       ||     1
  Eat: Chunk             |     2 |     1 ||     3
Armor: Leather armour    |    25 |     7 ||    32
Dodge: Dodged            |    77 |    11 ||    88
Block: Buckler           |       |     3 ||     3
